 Dungeon Crawl Stone Soup version 0.29.1-1-gd02db6906a (webtiles) character file.

Game seed: 4152562286112203760

1492 juncz the Chiller (level 8, -12/54 (60) HPs)
             Began as a Gnoll Ice Elementalist on Sept 26, 2022.
             Was an Initiate of Ashenzari.
             Mangled by a wight
             ... wielding a +4 halberd of freezing
              (13 damage)
             ... on level 6 of the Dungeon on Sept 27, 2022.
             The game lasted 00:12:06 (5839 turns).

juncz the Chiller (Gnoll Ice Elementalist)          Turns: 5839, Time: 00:12:07

HP:   -12/54 (60)   AC: 13    Str: 16    XL:     8   Next: 80%
MP:   17/17         EV: 12    Int: 18    God:    Ashenzari [......]
Gold: 345           SH:  6    Dex: 12    Spells: 12/19 levels left

rFire   x . .      SeeInvis .   C - +0 dagger (holy)
rCold   + . .      Faith    .   k - +2 buckler
rNeg    . . .      Spirit   .   h - +1 ring mail of Generosity {Str+5}
rPois   +          Reflect  .   w - +0 helmet
rElec   .          Harm     .   (no cloak)
rCorr   +          Rampage  .   A - +0 pair of gloves
Will    .....                   (no boots)
Stlth   ++........              (no amulet)
HPRegen 0.18/turn               z - ring "Kais" {rPois rF- rC+ rCorr Str+4}
MPRegen 0.15/turn               (no ring)

@: ice-armoured, about to teleport, heavily drained
A: fangs 1, strong nose, distributed training
a: Renounce Religion, Curse Item


You were on level 6 of the Dungeon.
You worshipped Ashenzari.
Ashenzari was noncommittal.
You visited 2 branches of the dungeon, and saw 9 of its levels.

You collected 345 gold pieces.

Inventory:

Hand Weapons
 f - a +0 dagger
 C - a +0 dagger of holy wrath (weapon)
Armour
 a - a +0 robe
 h - the +1 ring mail of Generosity (worn) {Str+5}
   (You found it on level 2 of the Dungeon)

   Str:       It affects your strength (+5).
 k - a +2 buckler (worn)
 w - a +0 helmet (worn)
 A - a +0 pair of gloves (worn)
Jewellery
 z - the ring "Kais" (left hand) {rPois rF- rC+ rCorr Str+4}
   (You found it on level 5 of the Dungeon)

   [ring of resist corrosion]

   Str:       It affects your strength (+4).
   rF:        It makes you vulnerable to fire.
   rC:        It protects you from cold.
   rPois:     It protects you from poison.
   rCorr:     It protects you from acid and corrosion.
Wands
 o - a wand of light (11)
Scrolls
 c - a scroll of noise {unknown}
 e - a scroll of torment {unknown}
 g - 2 scrolls of immolation {unknown}
 i - 4 scrolls of teleportation
 j - 4 scrolls of identify {unknown}
 m - 2 scrolls of vulnerability {unknown}
 p - a scroll of fog {unknown}
 q - a scroll of amnesia {unknown}
 r - a scroll of silence {unknown}
 v - 2 scrolls of enchant weapon {unknown}
 x - a scroll of poison {unknown}
 y - a scroll of enchant armour {unknown}
Potions
 b - 2 potions of magic
 d - a potion of brilliance {unknown}
 l - a potion of cancellation {unknown}
 n - a potion of mutation {unknown}
 s - a potion of flight {unknown}
 t - a potion of invisibility {unknown}
 u - 3 potions of curing {unknown}
 B - a potion of haste {unknown}


   Skills:
 + Level 3.7 Fighting
 + Level 3.7 Short Blades
 + Level 3.7 Long Blades
 + Level 3.7 Axes
 + Level 3.7 Maces & Flails
 + Level 3.7 Polearms
 + Level 3.7 Staves
 + Level 3.7 Ranged Weapons
 + Level 3.7 Throwing
 + Level 3.7 Armour
 + Level 6.0 Dodging
 + Level 5.6 Stealth
 + Level 3.7 Shields
 + Level 3.7 Unarmed Combat
 + Level 6.3 Spellcasting
 + Level 3.0 Conjurations
 + Level 3.0 Hexes
 + Level 3.0 Summonings
 + Level 3.0 Necromancy
 + Level 3.0 Translocations
 + Level 3.0 Transmutations
 + Level 3.0 Fire Magic
 + Level 7.8 Ice Magic
 + Level 3.0 Air Magic
 + Level 3.0 Earth Magic
 + Level 3.0 Poison Magic
 + Level 4.1 Invocations
 + Level 3.7 Evocations


You had 12 spell levels left.
You knew the following spells:

 Your Spells              Type           Power      Damage    Failure   Level
a - Freeze                Ice            100%       1d11      1%          1
b - Frozen Ramparts       Ice            66%        1d10      3%          3
c - Ozocubu's Armour      Ice            33%        N/A       3%          3

Your spell library contained the following spells:

 Spells                   Type           Power      Damage    Failure   Level
 Ensorcelled Hibernation  Hex/Ice        50%        N/A       4%          2
 Passwall                 Tmut/Erth      13%        N/A       12%         2
 Gell's Gravitas          Tloc           16%        N/A       24%         3
 Lesser Beckoning         Tloc           16%        N/A       24%         3
 Swiftness                Air            16%        N/A       24%         3
 Teleport Other           Tloc           16%        N/A       24%         3
 Hailstorm                Conj/Ice       25%        3d7       30%         4
 Summon Ice Beast         Ice/Summ       25%        N/A       30%         4
 Metabolic Englaciation   Hex/Ice        12%        N/A       63%         5
 Summon Mana Viper        Hex/Summ       16%        N/A       92%         5
 Simulacrum               Ice/Necr       12%        N/A       99%         6
 Monstrous Menagerie      Summ           8%         N/A       100%        7


Dungeon Overview and Level Annotations

Branches:
Dungeon (8/15)             Temple (1/1) D:4
   Lair: D:8-11

Altars:
Ashenzari
Cheibriados
Dithmenos
Elyvilon
Fedhas
Hepliaklqana
Kikubaaqudgha
Makhleb
Nemelex Xobeh
Okawaru
Qazlal
Ru
Sif Muna
Trog
Uskayaw
Vehumet
Wu Jian
Xom
Zin
The Shining One

Annotations:
D:8 Gastronok


Innate Abilities, Weirdness & Mutations

You have very sharp teeth.
Your uncanny sense of smell can sniff out nearby items.
Your experience applies equally to all skills.


Message History

You barely miss the wight.
The wight is heavily damaged.
The adder bites you but does no damage. The wight closely misses you.
The wight hits you but does no damage.
You hit the wight.
The wight convulses.
The wight is severely damaged.
You block the adder's attack.
The wight hits you with a +4 halberd of freezing!
You feel drained. The wight freezes you.
The wight hits you from afar with a +4 spear.
* * * LOW HITPOINT WARNING * * *
Unknown command.
You hit the wight but do no damage.
The wight is severely damaged.
The adder misses you. You block the wight's attack. x2
You are too injured to fight recklessly!
As you read the scroll of teleportation, it crumbles to dust.
You feel strangely unstable. The adder misses you.
You block the wight's attack. x2; The adder closely misses you.
You hit the wight but do no damage.
The wight is severely damaged.
The wight barely misses you. The adder bites you but does no damage.
You block the wight's attack.
You hit the wight but do no damage.
The wight is severely damaged.
The adder closely misses you.
The wight hits you with a +4 halberd of freezing.
* * * LOW HITPOINT WARNING * * *
The wight freezes you.
* * * LOW HITPOINT WARNING * * *
The wight hits you from afar with a +4 spear.
* * * LOW HITPOINT WARNING * * *
You feel drained.
* * * LOW HITPOINT WARNING * * *
You hit the wight.
The wight convulses.
The wight is almost destroyed.
The adder bites you.
* * * LOW HITPOINT WARNING * * *
The wight hits you with a +4 halberd of freezing!
You die...

..........#.#..###.....#.#.#)÷##.
........................)........
#..#..#..#...........#....[...##.
#..#..#.... #..............#.###.
.........## ##.#..#z.####........
#........##.##.#......# #..#####.
#..#..#..##.##.#.##...###..# #.
>...<..........z.S........!. ..
.....†...####..#@##...#.##.#. ..
.....#.#z# #.?#)##...#.#
...###.z.# #..#z##......
.........# ##...z.......
.#.......# #..........#.
.#.....#.###..#######.#
....)......z....... ..
.....##.#....#..... .###.
#.#....#.....


You could see 3 wights and an adder.

Vanquished Creatures
  A steam dragon (D:6)
  2 water moccasins
  An ice beast (D:5)
  An ogre (D:6)
  A centaur (D:7)
  A bullfrog (D:4)
  A necrophage (D:6)
  2 scorpions
  A wight (D:6)
  A killer bee (D:4)
  A howler monkey (D:6)
  An orc priest (D:5)
  2 jellies
  3 hounds
  A gnoll bouda (D:6)
  5 iguanas
  An orc wizard (D:5)
  4 gnolls (D:6)
  4 adders
  3 dart slugs
  21 orcs
  2 ball pythons
  3 bats
  5 endoplasms
  2 giant cockroaches
  5 goblins
  10 hobgoblins
  4 quokkas
  2 frilled lizards (D:2)
  7 kobolds
  5 rats
103 creatures vanquished.

Notes
Turn   | Place    | Note
-------+----------+-------------------------------------------
     0 | D:1      | juncz the Gnoll Ice Elementalist began the quest for the
                  | Orb.
     0 | D:1      | Reached XP level 1. HP: 13/13 MP: 6/6
   311 | D:1      | Reached XP level 2. HP: 19/19 MP: 3/7
   923 | D:2      | Identified the +1 ring mail of Generosity {Str+5}
   954 | D:2      | Reached skill level 5 in Spellcasting
   954 | D:2      | Reached XP level 3. HP: 25/25 MP: 7/9
   965 | D:2      | Learned a level 3 spell: Frozen Ramparts
   969 | D:2      | Learned a level 3 spell: Ozocubu's Armour
  1102 | D:2      | Found a hazy altar of Hepliaklqana.
  1123 | D:2      | Reached skill level 1 in Fighting
  1123 | D:2      | Reached skill level 1 in Short Blades
  1123 | D:2      | Reached skill level 1 in Long Blades
  1123 | D:2      | Reached skill level 1 in Axes
  1123 | D:2      | Reached skill level 1 in Maces & Flails
  1123 | D:2      | Reached skill level 1 in Polearms
  1123 | D:2      | Reached skill level 1 in Staves
  1123 | D:2      | Reached skill level 1 in Ranged Weapons
  1123 | D:2      | Reached skill level 1 in Throwing
  1123 | D:2      | Reached skill level 1 in Armour
  1123 | D:2      | Reached skill level 1 in Shields
  1123 | D:2      | Reached skill level 1 in Unarmed Combat
  1123 | D:2      | Reached skill level 1 in Invocations
  1123 | D:2      | Reached skill level 1 in Evocations
  1123 | D:2      | Reached XP level 4. HP: 28/32 MP: 4/11
  1844 | D:3      | Found a hide-covered altar of Uskayaw.
  1890 | D:3      | Reached skill level 1 in Conjurations
  1890 | D:3      | Reached skill level 1 in Hexes
  1890 | D:3      | Reached skill level 1 in Summonings
  1890 | D:3      | Reached skill level 1 in Necromancy
  1890 | D:3      | Reached skill level 1 in Translocations
  1890 | D:3      | Reached skill level 1 in Transmutations
  1890 | D:3      | Reached skill level 1 in Fire Magic
  1890 | D:3      | Reached skill level 1 in Air Magic
  1890 | D:3      | Reached skill level 1 in Earth Magic
  1890 | D:3      | Reached skill level 1 in Poison Magic
  2270 | D:3      | Found a hazy altar of Hepliaklqana.
  2433 | D:4      | Noticed a scorpion
  2436 | D:4      | Killed a scorpion
  2437 | D:4      | Reached XP level 5. HP: 37/37 MP: 9/12
  2696 | D:4      | Found a staircase to the Ecumenical Temple.
  2703 | D:4      | Reached XP level 6. HP: 44/44 MP: 10/14
  2728 | D:4      | Reached skill level 5 in Dodging
  2773 | Temple   | Entered the Ecumenical Temple
  2991 | Temple   | Became a worshipper of Ashenzari the Shackled
  3501 | D:5      | Entered Level 5 of the Dungeon
  3615 | D:5      | Reached XP level 7. HP: 48/51 MP: 11/15
  4364 | D:5      | Identified the ring "Kais" {rPois rF- rC+ rCorr Str+4}
  4477 | D:5      | Reached skill level 5 in Stealth
  4790 | D:5      | You fall into a shaft and drop 3 floors!
  4798 | D:8      | Noticed a skeletal warrior
  4833 | D:8      | Found a shadowy altar of Dithmenos.
  4835 | D:8      | Found a blossoming altar of Fedhas.
  4842 | D:8      | Found a burning altar of Makhleb.
  4908 | D:8      | Noticed Gastronok
  4945 | D:7      | Reached XP level 8. HP: 45/58 MP: 7/16
  5838 | D:6      | HP: 2/54 [wight/+4 spear (2)]
  5839 | D:6      | Mangled by a wight

Illustrated notes

Levels and vault maps discovered:
D:1:      dpeg_arrival_castle, layout_loops_ring
D:2:      layout_rooms, basic_altar
D:3:      layout_loops_ring, mainiacjoe_overflow_big_doors
D:4:      minmay_clustersquares, layout_basic, temple_doors_e
D:5:      layout_loops_corners
D:6:      layout_basic
D:7:      layout_cave_pods, nicolae_gozag_seed_capital,
          gammafunk_ghost_gnarly_gnolls, uniq_joseph
D:8:      minmay_diamond_stairs, layout_loops_cross,
          minmay_overflow_temple_star_quad, uniq_gastronok
Temple:   nicolae_temple_bog_church

Skill      XL: |  1  2  3  4  5  6  7  8 |
---------------+-------------------------+-----
Spellcasting   | 5 6 |  6.3
Fighting       | 1 2 3 |  3.7
Short Blades   | 1 2 3 |  3.7
Long Blades    | 1 2 3 |  3.7
Axes           | 1 2 3 |  3.7
Maces & Flails | 1 2 3 |  3.7
Polearms       | 1 2 3 |  3.7
Staves         | 1 2 3 |  3.7
Ranged Weapons | 1 2 3 |  3.7
Throwing       | 1 2 3 |  3.7
Armour         | 1 2 3 |  3.7
Shields        | 1 2 3 |  3.7
Unarmed Combat | 1 2 3 |  3.7
Invocations    | 1 2 3 4 |  4.1
Evocations     | 1 2 3 |  3.7
Conjurations   | 1 2 3 |  3.0
Hexes          | 1 2 3 |  3.0
Summonings     | 1 2 3 |  3.0
Necromancy     | 1 2 3 |  3.0
Translocations | 1 2 3 |  3.0
Transmutations | 1 2 3 |  3.0
Fire Magic     | 1 2 3 |  3.0
Air Magic      | 1 2 3 |  3.0
Earth Magic    | 1 2 3 |  3.0
Poison Magic   | 1 2 3 |  3.0
Dodging        | 5 6 |  6.0
Stealth        | 5 |  5.6
Ice Magic      | |  7.8

Action                   |  1- 3 |  4- 6 |  7- 9 || total
-------------------------+-------+-------+-------++-------
Melee: Bite              |     2 |     5 |    11 ||    18
       Unarmed           |     1 |       |       ||     1
       Dagger            |    11 |    36 |    85 ||   132
 Cast: Freeze            |    37 |    25 |    27 ||    89
       Frozen Ramparts   |       |    12 |    13 ||    25
       Ozocubu's Armour  |       |     1 |     6 ||     7
Evoke: Wand              |       |       |     3 ||     3
  Use: Scroll            |       |       |     2 ||     2
 Stab: Sleeping          |       |     2 |       ||     2
Armor: Robe              |     4 |       |       ||     4
       Ring mail         |     6 |    17 |    40 ||    63
Dodge: Dodged            |    27 |    24 |    62 ||   113
Block: Buckler           |       |    14 |    45 ||    59
